Map: Pillars of Gold LE

Players

ShoWTimE - Winner!

  • Race: Protoss Protoss
  • Spawn Location: 7:00

HeroMarine

  • Race: Terran Terran
  • League: Master
  • Spawn Location: 1:00

Event: StayAtHomestory Cup #2

VOD

Have the link to the VOD?

Description

Time

  • Played on: June 12, 2020, 8:35 a.m.
  • Length: 16:38

All games in this series

Show
View Real Time Build Order
Export as new Build Order

ShoWTimE Protoss - Winner!

Build Orders: 1 Gate Expand, Blink Stalkers 

Get SALT Encoding   

  12  0:00  Probe  
  13  0:12  Probe  
  14  0:18  Pylon  
  14  0:24  Probe  
  15  0:32  Probe  
  15  0:39  Gateway  
  15  0:40  Probe  
  16  0:47  Assimilator  
  17  0:51  Probe  
  18  1:03  Probe  
  19  1:15  Probe  
  20  1:27  Cybernetics Core  
  20  1:40  Nexus, Probe  
  20  1:46  Pylon  
  21  1:52  Probe  
  22  1:54  Adept  
  22  1:55  Assimilator  
  22  2:05  Probe  
  22  2:07  Warp Gate  
  25  2:16  Stalker  
  25  2:17  Probe  
  26  2:29  Probe  
  29  2:41  Probe, Twilight Council  
  30  2:48  Probe  
  30  2:51  Stalker  
  30  2:53  Probe  
  30  2:56  Probe  
  34  3:02  Blink  
  34  3:05  Probe  
  36  3:07  Probe  
  36  3:08  Gateway  
  37  3:17  Probe  
  37  3:19  Probe  
  39  3:29  Probe  
  39  3:30  Pylon  
  39  3:31  Probe  
  41  3:41  Probe  
  41  3:43  Probe  
  43  3:53  Probe  
  43  3:59  Nexus, Probe  
  44  4:06  Sentry, Probe  
  44  4:09  Pylon  
  47  4:11  Probe  
  47  4:12  Stalker  
  47  4:15  Pylon  
  50  4:19  Probe, Robotics Facility  
  50  4:23  Phoenix  
  50  4:24  Probe  
  52  4:28  Assimilator  
  50  4:31  Stalker  
  50  4:32  Probe  
  50  4:34  Pylon  
  50  4:36  Probe  
  54  4:43  Stalker  
  54  4:44  Probe  
  57  4:48  Probe  
  58  4:54  Forge, Gateway  
  58  4:56  Probe  
  59  5:00  Probe  
  59  5:02  Gateway  
  60  5:08  Probe  
  60  5:10  Observer  
  60  5:12  Probe x2  
  64  5:18  Probe  
  64  5:21  Probe x2  
  65  5:25  Forge  
  65  5:26  Probe  
  66  5:29  Probe x2  
  66  5:32  Charge, Protoss Ground Weapons Level 1  
  66  5:35  Probe  
  69  5:38  Probe x2  
  69  5:39  Sentry  
  74  5:45  Observer  
  74  5:47  Probe  
  74  5:48  Protoss Ground Armor Level 1  
  74  5:49  Probe  
  76  5:50  Probe, Assimilator  
  76  5:53  Assimilator  
  78  5:58  Probe  
  78  5:59  Probe, Assimilator  
  78  6:02  Probe  
  78  6:03  Pylon  
  81  6:05  Phoenix  
  81  6:06  Probe  
  81  6:09  Observer  
  83  6:11  Probe  
  83  6:15  Probe  
  83  6:16  Probe  
  83  6:23  Probe  
  84  6:28  Probe, Gateway, Templar Archives  
  84  6:30  Gateway, Shield Battery  
  84  6:31  Immortal  
  85  6:35  Probe, Gateway  
  85  6:37  Gateway  
  85  6:39  Pylon  
  86  6:47  Psionic Storm  
  90  6:52  Zealot x4  
  90  6:53  Observer  
  98  6:57  Pylon  
  98  7:06  Photon Cannon  
  98  7:10  Immortal  
  98  7:12  High Templar  
  98  7:13  High Templar  
  106  7:16  Pylon  
  106  7:18  Pylon  
  106  7:19  Zealot x2  
  110  7:23  High Templar  
  110  7:24  Observer  
  110  7:28  Pylon  
  110  7:29  Pylon  
  112  7:32  Photon Cannon  
  112  7:35  High Templar  
  114  7:38  Shield Battery  
  114  7:39  Zealot x4  
  122  7:44  Protoss Ground Weapons Level 2  
  122  7:47  Zealot x2  
  126  7:54  Protoss Ground Armor Level 2  
  126  7:59  Zealot  
  126  8:03  Zealot x3  
  126  8:04  Warp Prism, Zealot  
  134  8:09  Stalker x3  
  140  8:23  Probe  
  140  8:25  Pylon  
  141  8:27  Stalker x2  
  141  8:33  Pylon  
  129  8:42  Zealot x2  
  129  8:43  Zealot x2  
  131  8:51  Zealot x3  
  133  8:56  Gateway, Pylon  
  133  8:57  Gateway  
  133  8:59  Observer  
  133  9:02  High Templar x2  
  133  9:03  High Templar x3  
  133  9:06  Archon x2  
  141  9:11  High Templar, Pylon  
  141  9:13  High Templar  
  141  9:15  Zealot  
  141  9:16  Archon  
  145  9:26  Archon  
  127  9:42  Stalker x2  
  127  9:43  Stalker x2  
  127  9:44  Stalker  
  134  9:46  High Templar x2  
  134  9:48  Nexus  
  138  9:53  Pylon  
  138  9:55  Zealot x3  
  138  9:59  Probe x3  
  147  10:08  Observer  
  147  10:11  Pylon  
  147  10:14  Robotics Bay  
  145  10:15  Robotics Facility  
  146  10:28  High Templar x2, Zealot x5  
  150  10:29  Zealot x3  
  150  10:32  Archon  
  150  10:33  Immortal  
  163  10:38  Nexus  
  163  10:39  Pylon  
  166  10:48  Zealot x2  
  166  10:49  Zealot  
  172  10:52  Observer  
  170  10:59  Zealot x5  
  178  11:08  Pylon  
  178  11:11  Protoss Ground Weapons Level 3  
  178  11:12  Colossus  
  178  11:15  Pylon  
  178  11:16  Protoss Ground Armor Level 3  
  178  11:23  Colossus  
  178  11:26  Extended Thermal Lance  
  178  11:29  Nexus  
  186  11:46  Zealot x4  
  186  11:47  Zealot x3  
  177  12:03  Probe x2  
  177  12:04  High Templar x3  
  177  12:07  High Templar, Zealot x5  
  197  12:13  Archon  
  197  12:14  Archon, Pylon  
  197  12:16  Observer  
  198  12:24  Assimilator  
  198  12:29  Assimilator  
  198  12:32  Robotics Facility  
  198  12:34  Shield Battery  
  198  12:37  Photon Cannon x2, Shield Battery  
  192  13:01  Colossus  
  198  13:14  Zealot  
  178  13:28  Zealot x7  
  192  13:34  Stalker x3  
  192  13:50  Zealot x7  
  192  13:53  Nexus  
  192  13:55  Colossus  
  191  14:03  Archon  
  191  14:07  Disruptor x2  
  193  14:11  Protoss Shields Level 1  
  191  14:28  Stalker x4  
  197  14:39  Disruptor, Pylon  
  197  14:40  Disruptor  
  161  14:49  Zealot x2  
  161  14:50  Zealot x4  
  161  14:51  Zealot x4  
  161  14:52  Nexus  
  174  15:02  Disruptor  
  177  15:10  High Templar x6  
  177  15:11  High Templar x4  
  177  15:12  Disruptor  
  197  15:14  Archon  
  197  15:15  Archon x3  
  197  15:16  Archon  
  200  15:28  Gravitic Drive  
  188  15:38  Dark Shrine  
  186  15:45  Zealot x7  
  160  15:58  Disruptor x2  
  160  16:10  Zealot x9  
  175  16:14  Zealot  
  175  16:18  Probe x3  
  180  16:31  Zealot x3  
  180  16:32  Zealot x2  
Show
View Real Time Build Order
Export as new Build Order

HeroMarine Terran 

Build Orders: Reaper Expand 

Get SALT Encoding   

  12  0:00  SCV  
  13  0:13  SCV  
  14  0:17  Supply Depot  
  14  0:25  SCV  
  15  0:39  SCV  
  15  0:40  Barracks  
  16  0:44  Refinery  
  16  0:51  SCV  
  17  1:03  SCV  
  18  1:15  SCV  
  19  1:28  Reaper, Orbital Command  
  20  1:45  Command Center  
  20  1:53  Supply Depot  
  20  1:56  SCV  
  20  2:00  Marine  
  22  2:08  SCV  
  22  2:13  Factory  
  23  2:20  SCV  
  23  2:22  Barracks Reactor  
  24  2:27  Bunker  
  24  2:32  SCV  
  25  2:37  Refinery  
  25  2:44  SCV  
  26  2:57  SCV, Orbital Command  
  27  2:59  Hellion  
  27  3:00  Marine x2  
  31  3:10  Starport  
  31  3:11  SCV  
  32  3:18  Marine x2  
  34  3:21  Widow Mine  
  34  3:25  SCV  
  34  3:26  SCV  
  38  3:30  Supply Depot  
  38  3:37  SCV  
  38  3:38  SCV, Marine  
  38  3:39  Marine  
  42  3:49  SCV  
  42  3:50  SCV  
  42  3:52  Widow Mine, Medivac  
  47  3:57  Supply Depot  
  47  3:59  Marine  
  47  4:02  SCV x2  
  50  4:11  Marine  
  50  4:14  SCV  
  50  4:15  SCV, Factory Tech Lab  
  50  4:17  Marine  
  54  4:26  SCV  
  54  4:27  SCV  
  54  4:28  Starport Tech Lab  
  54  4:29  Supply Depot  
  56  4:35  Siege Tank  
  58  4:43  SCV x2  
  60  4:46  Command Center  
  60  4:51  Banshee  
  63  4:55  SCV, Marine  
  63  4:56  Barracks  
  63  4:57  Marine  
  66  5:05  Barracks  
  66  5:08  Siege Tank  
  66  5:09  SCV  
  70  5:22  Marine  
  70  5:23  SCV x2, Marine  
  70  5:31  Engineering Bay  
  70  5:32  Engineering Bay  
  70  5:34  Barracks  
  70  5:35  Barracks  
  70  5:44  Refinery  
  70  5:47  Factory Reactor, Refinery  
  70  5:49  Starport Reactor  
  70  5:50  SCV x2  
  70  5:55  Marine  
  70  5:57  Marine  
  70  5:59  Stimpack  
  70  6:00  Terran Infantry Weapons Level 1  
  70  6:01  Terran Infantry Armor Level 1, Orbital Command  
  70  6:03  SCV x2  
  73  6:06  Marine x2  
  75  6:13  Marine  
  75  6:15  SCV x2, Marine  
  75  6:17  Combat Shield  
  76  6:22  Barracks Tech Lab, Barracks Reactor, Orbital Command  
  76  6:24  Marine  
  77  6:27  Supply Depot x2  
  77  6:28  Supply Depot  
  77  6:30  SCV  
  77  6:31  SCV  
  79  6:37  Medivac x2  
  83  6:42  SCV  
  83  6:43  SCV  
  85  6:48  SCV, Marine x2  
  85  6:49  Marauder x2  
  85  6:51  Marauder  
  85  6:53  Widow Mine  
  98  6:54  SCV, Widow Mine  
  98  6:55  SCV  
  98  7:00  SCV  
  101  7:04  Supply Depot  
  101  7:06  SCV  
  101  7:07  SCV  
  103  7:10  Marine x2, Marauder x2  
  109  7:20  Supply Depot  
  109  7:22  Armory  
  109  7:23  Supply Depot  
  109  7:26  SCV x2, Marine x2  
  109  7:27  Bunker  
  109  7:28  SCV  
  109  7:29  Marauder  
  116  7:32  Concussive Shells  
  116  7:38  SCV  
  116  7:42  SCV x2, Widow Mine, Marauder x2  
  116  7:43  Supply Depot  
  125  7:44  Marine x2  
  125  7:45  Marine, Widow Mine  
  125  7:46  Marine, Supply Depot  
  125  7:50  SCV  
  132  7:52  Marauder  
  132  7:54  SCV x2  
  134  8:02  SCV  
  134  8:03  Marauder  
  134  8:04  Marine  
  134  8:05  Marine  
  136  8:06  SCV x2  
  136  8:09  Widow Mine, Medivac x2  
  136  8:10  Widow Mine  
  136  8:12  Terran Infantry Armor Level 2  
  146  8:19  Terran Infantry Weapons Level 2, Refinery x2  
  144  8:20  Marine  
  144  8:21  Marine  
  144  8:25  Supply Depot  
  144  8:26  Marine x2  
  148  8:32  Marine  
  148  8:37  Marauder  
  148  8:38  Marine, Marauder  
  143  8:45  Marine x2  
  143  8:46  Medivac  
  143  8:47  Widow Mine x2  
  151  8:51  SCV, Marauder  
  151  8:52  SCV x2  
  150  8:55  Ghost Academy  
  150  8:57  Marine  
  150  8:58  Command Center  
  150  9:00  Marauder  
  150  9:02  Marine x2  
  152  9:06  SCV x3  
  155  9:14  Marauder  
  155  9:16  Widow Mine x2  
  161  9:18  Terran Ship Weapons Level 1  
  161  9:20  Marauder, Marine, Supply Depot  
  164  9:30  Marauder  
  138  9:34  Marine x2  
  138  9:35  Marauder  
  138  9:37  Widow Mine x2  
  143  9:39  Marine x2  
  143  9:42  Marauder  
  143  9:45  Medivac  
  147  9:47  Enhanced Shockwaves  
  147  9:48  Medivac  
  147  9:51  Marauder  
  151  9:57  Barracks  
  152  10:00  Barracks  
  152  10:01  Barracks  
  152  10:02  Widow Mine  
  152  10:03  Widow Mine  
  137  10:08  Marine x2  
  137  10:09  Marine  
  137  10:13  Marine  
  140  10:17  Ghost  
  140  10:18  Ghost x2  
  140  10:19  Medivac x2  
  144  10:27  Marine x3  
  147  10:30  Marine  
  147  10:33  Widow Mine x2  
  152  10:42  SCV  
  152  10:43  SCV x2  
  152  10:45  Marine x3  
  152  10:46  Ghost x2  
  152  10:49  Medivac  
  164  10:52  Planetary Fortress  
  164  10:54  SCV  
  164  10:55  SCV x2  
  161  10:57  Ghost  
  161  11:00  Marine  
  158  11:04  Refinery  
  158  11:06  Refinery  
  158  11:10  Sensor Tower  
  156  11:12  Marine x3, Widow Mine x2  
  156  11:13  Barracks Reactor  
  156  11:14  Ghost  
  156  11:17  Missile Turret  
  156  11:18  Barracks Tech Lab x2  
  165  11:23  Marauder  
  167  11:26  Marine  
  167  11:27  Marauder  
  167  11:28  Medivac  
  167  11:29  Marine  
  167  11:30  Medivac  
  175  11:37  Marauder  
  175  11:38  Marine  
  167  11:44  Orbital Command  
  167  11:46  SCV x2, Marauder  
  166  11:49  Marine x2, Marauder  
  162  11:58  Ghost, Viking  
  164  12:02  Supply Depot  
  164  12:03  Ghost, Supply Depot  
  164  12:05  Supply Depot  
  166  12:13  Personal Cloaking  
  166  12:14  Marauder x3  
  172  12:27  Marauder  
  172  12:28  Refinery  
  172  12:29  SCV x2  
  177  12:30  SCV x2, Bunker  
  177  12:31  Terran Infantry Weapons Level 3  
  176  12:39  Ghost  
  176  12:42  Starport  
  178  12:44  Viking x2  
  180  12:56  Marauder x2  
  184  13:00  Marauder x2  
  184  13:01  Marine x2  
  184  13:03  Marine x2  
  192  13:05  Marine x2  
  192  13:09  Marauder  
  191  13:17  Marine, Marauder  
  191  13:19  Viking x2, Marine x2  
  181  13:31  Viking x2  
  166  13:41  Ghost x3  
  151  14:02  Viking  
  151  14:03  Viking  
  151  14:04  Viking  
  151  14:06  Viking  
  157  14:15  Ghost  
  159  14:23  Ghost  
  161  14:26  Ghost  
  163  14:32  Ghost  
  143  14:49  Ghost  
  142  14:54  Marauder  
  142  14:56  Ghost x2  
  142  14:57  Marine x2  
  142  14:58  Marine x2  
  152  15:03  Marine, Marauder  
  128  15:07  Medivac  
  155  15:11  Medivac  
  159  15:15  Marauder  
  153  15:31  Ghost  
  153  15:32  Ghost  
  153  15:34  Marine x3  
  153  15:35  Marine x3  
  156  15:36  Marauder  
  156  15:42  Marauder  
  160  15:44  Marine  
  161  15:52  Marine  
  138  15:58  Marauder  
  138  16:00  Marine x2, Marauder  
  138  16:02  Marauder  
  138  16:03  Marauder  
  142  16:05  Marauder  
Tags
 
Add a new tag
Caveats
  • Supply blocks, unpowered buildings, or Contaminate may cause inaccurate times.
  • Supply counts are checked every 10 seconds.